 Dungeon Crawl Stone Soup version 0.22-a0-354-g30dfbe6 (webtiles) character file.

172 Amnesiac the Grave Robber (level 5, -5/38 HPs)
             Began as a Mummy Necromancer on Apr 16, 2018.
             Slain by an ogre
             ... wielding a +0 giant club
              (16 damage)
             ... on level 4 of the Dungeon.
             The game lasted 00:02:49 (2755 turns).

Amnesiac the Grave Robber (Mummy Necromancer)       Turns: 2755, Time: 00:02:49

Health: -5/38      AC:  6    Str: 11    XL:     5   Next: 27%
Magic:  6/10       EV: 11    Int: 15    God:
Gold:   183        SH:  0    Dex: 13    Spells: 3/11 levels left

rFire    x . .     SeeInvis .   a - +2 hunting sling (flame)
rCold    + . .     Gourm    .   (no shield)
rNeg     + + +     Faith    .   d - +1 ring mail {rPois}
rPois    ∞         Spirit   .   (no helmet)
rElec    .         Reflect  .   (no cloak)
rCorr    .         Harm     .   (no gloves)
MR       .....                  (no boots)
Stlth    +.........             h - amulet of magic regeneration
HPRegen  0.12/turn              (no ring)
MPRegen  0.37/turn              (no ring)

@: very slightly contaminated
A: no food or potions, fire vulnerability, cold resistance 1, negative energy
resistance 3, torment resistance, unbreathing
a: no special abilities


You were on level 4 of the Dungeon.
You were not hungry.

You visited 1 branch of the dungeon, and saw 4 of its levels.

You collected 183 gold pieces.

Inventory:

Hand Weapons
 a - a +2 hunting sling of flaming (weapon)
Missiles
 g - 97 stones (quivered)
Armour
 d - a +1 ring mail of poison resistance (worn)
Jewellery
 h - an amulet of magic regeneration (around neck)
Wands
 k - a wand of flame (30)
Scrolls
 b - a scroll of immolation {!r, unknown}
 c - 2 scrolls of amnesia {!r, unknown}
 e - 2 scrolls of remove curse {!r}
 f - a scroll of fog {!r, unknown}
 i - a scroll of magic mapping {!r}
 m - a scroll of fear {!r}


   Skills:
 + Level 1.8 Fighting
 * Level 2.9 Dodging
 - Level 1.5 Stealth
 + Level 3.6 Spellcasting
 - Level 5.0 Necromancy


You had 3 spell levels left.
You knew the following spells:

 Your Spells              Type           Power        Failure   Level  Hunger
a - Pain                  Necr           ###.         6%          1    N/A
b - Animate Dead          Necr           N/A          50%         4    N/A
d - Vampiric Draining     Necr           ###.......   17%         3    N/A

Dungeon Overview and Level Annotations

Branches:
Dungeon (4/15)
 Temple: D:4-7

Altars:
Cheibriados
Uskayaw
Vehumet


Innate Abilities, Weirdness & Mutations

You do not eat or drink.
Your flesh is vulnerable to fire.
You are immune to poison.
Your flesh is cold resistant. (rC+)
You are immune to negative energy. (rN+++)
You are immune to unholy pain and torment.
You can survive without breathing.


Message History

Aim: a howler monkey You shoot a stone.
The stone hits the howler monkey.
The stone burns the howler monkey.
The howler monkey is moderately wounded.
The howler monkey hoots and howls with incredible vigour!
The howler monkey hits you.
You hear a shout! x5
Firing (i - inventory)
g - 103 stones (quivered)
Press: ? - help, Shift-Dir - straight line, f/p - howler monkey
Aim: a howler monkey (moderately wounded, catching its breath)
You shoot a stone.
The stone barely misses the howler monkey.
The howler monkey barely misses you.
Firing (i - inventory)
g - 102 stones (quivered)
Press: ? - help, Shift-Dir - straight line, f/p - howler monkey
Aim: a howler monkey (moderately wounded)
You shoot a stone.
The stone closely misses the howler monkey.
The howler monkey hits you. The howler monkey closely misses you.
Firing (i - inventory)
g - 101 stones (quivered)
Press: ? - help, Shift-Dir - straight line, f/p - howler monkey
Aim: a howler monkey (moderately wounded)
You shoot a stone. The stone hits the howler monkey!
The stone burns the howler monkey.
The howler monkey is almost dead.
The howler monkey hits you.
Firing (i - inventory)
g - 100 stones (quivered)
Press: ? - help, Shift-Dir - straight line, f/p - howler monkey
Aim: a howler monkey (almost dead)
You shoot a stone. The stone hits the howler monkey.
The stone burns the howler monkey.
You kill the howler monkey!
Training target 5.0 for Necromancy reached!
Your Necromancy skill increases to level 5!
You have reached level 5!
You feel agile.
You start resting.
Firing (i - inventory)
g - 99 stones (quivered)
Press: ? - help, Shift-Dir - straight line, f - ogre
Aim: an ogre, wielding a giant club You shoot a stone.
The stone hits the ogre.
The stone burns the ogre.
The ogre is lightly wounded.
Firing (i - inventory)
g - 98 stones (quivered)
Press: ? - help, Shift-Dir - straight line, f/p - ogre
Aim: an ogre, wielding a giant club (lightly wounded)
You shoot a stone. The stone barely misses the ogre.
Casting: Pain (safe; 6% risk of failure)
Confirm with . or Enter, or press ? or * to list all spells.
Aiming: Pain (safe; 6% risk of failure)
Press: ? - help, Shift-Dir - straight line, f/p - ogre
Aim: an ogre, wielding a giant club (lightly wounded, chance to defeat MR: 76%)
You miscast Pain.
You are very lightly contaminated with residual magic.
Your bandages flutter.
The ogre hits you with a giant club!!
Ouch! That really hurt!
* * * LOW HITPOINT WARNING * * *
Casting: Pain (safe; 6% risk of failure)
Confirm with . or Enter, or press ? or * to list all spells.
Aiming: Vampiric Draining (safe; 17% risk of failure)
Press: ? - help, Shift-Dir - straight line, f/p - ogre
Aim: an ogre, wielding a giant club (lightly wounded)
The ogre is heavily wounded.
You feel life coursing into your body. The ogre hits you with a giant club!
You die...

... ... ..
....##### ....#
.#### #....h.#
.. ._. .(..
#(...O<# ...
... ...
#......# ###..
#.. .( #....$.#
.....###.# .#
#......#
.........####O#
#......+
............@.#
#......#
...>......#..##
#.......
..........+...#
#.......
..........#..##
######....#..#
#....#....#..#
#....#....#..#
#....'....#..#
#+####....#


You could see an ogre.

Vanquished Creatures
  A howler monkey (D:4)
  A bullfrog zombie (D:3)
  4 adders
  An ooze (D:1)
  A worm (D:3)
  A dart slug (D:1)
  2 leopard geckos (D:3)
  5 orcs (D:3)
  4 bats
  2 giant cockroaches (D:3)
  6 goblins
  6 hobgoblins
  2 jackals (D:3)
  5 kobolds
  A ball python (D:2)
  2 frilled lizards (D:2)
  10 rats
54 creatures vanquished.

Notes
Turn   | Place    | Note
-------+----------+-------------------------------------------
     0 | D:1      | Amnesiac the Mummy Necromancer began the quest for the Orb.
     0 | D:1      | Reached XP level 1. HP: 13/13 MP: 4/4
   288 | D:1      | Reached XP level 2. HP: 20/20 MP: 1/5
   798 | D:2      | Found a radiant altar of Vehumet.
   970 | D:2      | Found a snail-covered altar of Cheibriados.
  1005 | D:2      | Reached skill level 1 in Fighting
  1005 | D:2      | Reached XP level 3. HP: 24/26 MP: 7/7
  1010 | D:2      | Learned a level 3 spell: Vampiric Draining
  1877 | D:3      | Reached XP level 4. HP: 32/32 MP: 9/9
  1905 | D:3      | Learned a level 4 spell: Animate Dead
  2640 | D:4      | Noticed an ogre
  2736 | D:4      | Found a hide-covered altar of Uskayaw.
  2749 | D:4      | Reached skill level 5 in Necromancy
  2749 | D:4      | Reached XP level 5. HP: 25/38 MP: 10/10
  2755 | D:4      | Slain by an ogre

Vault maps used:
D:1:      dpeg_arrival_long_road, minmay_pentomino_x2
D:2:      old_standard_altar, fiery_altar_vehumet, first_ration,
          kennysheep_potato
D:4:      minmay_door_path, nicolae_overflow_crystal_walls

Skill      XL: |  1  2  3  4 |
---------------+-------------+-----
Dodging        | 2 |  2.9
Spellcasting   | 3 |  3.6
Fighting       | 1 |  1.8
Necromancy     | 5 |  5.0
Stealth        | |  1.5

Action                   |  1- 3 |  4- 6 || total
-------------------------+-------+-------++-------
Melee: Unarmed           |     5 |       ||     5
 Fire: Hunting sling     |    85 |    63 ||   148
 Cast: Pain              |    22 |       ||    22
       Vampiric Draining |       |     1 ||     1
  Use: Scroll            |     1 |     4 ||     5
 Stab: Sleeping          |     1 |       ||     1
Armor: Robe              |     1 |       ||     1
       Ring mail         |    21 |     8 ||    29
Dodge: Dodged            |    25 |    17 ||    42

Table legend:
 A = Spawn XP
 B = Non-spawn XP
 C = Spawn XP percentage of total XP
 D = Spawn monster count
 E = Non-spawn monster count
 F = Spawn count percentage of total count
 G = Total turns spent on level
                    A         B        C        D         E        F      G
               +---------+---------+-------+---------+---------+-------+---------
         Total |       0 |     247 |   0.0 |       0 |      54 |   0.0 |  2755
               +---------+---------+-------+---------+---------+-------+---------
           D:1 |       0 |      23 |   0.0 |       0 |       9 |   0.0 |   798
           D:2 |       0 |      50 |   0.0 |       0 |      18 |   0.0 |   941
           D:3 |       0 |     120 |   0.0 |       0 |      26 |   0.0 |   938
           D:4 |       0 |      54 |   0.0 |       0 |       1 |   0.0 |    78
               +---------+---------+-------+---------+---------+-------+---------
